 Dungeon Crawl Stone Soup version 0.19.4-8-ga85b6b9 (console) character file.

86 Grinner the Ducker (level 4, 0/22 HPs)
             Began as a Spriggan Transmuter on Feb 13, 2017.
             Killed from afar by a dart slug (2 damage)
             ... with a slug dart
             ... on level 3 of the Dungeon.
             The game lasted 00:05:01 (1980 turns).

Grinner the Ducker (Spriggan Transmuter)            Turns: 1980, Time: 00:05:03

Health: 0/22       AC:  3    Str:  7    XL:     4   Next: 27%
Magic:  10/10      EV: 19    Int: 14    God:
Gold:   34         SH:  0    Dex: 16    Spells: 2 memorised, 6 levels left

rFire  . . .     SeeInvis +     f - -1 dagger (curse)
rCold  . . .     Gourm    .     b - +0 robe
rNeg   . . .     Faith    .     (shield restricted)
rPois  .         Spirit   .     (helmet restricted)
rElec  .         Reflect  .     e - +0 cloak
rCorr  .         Harm     .     (gloves unavailable)
MR     .....                    (boots unavailable)
Stlth  +.........               h - amulet of inaccuracy (curse)
                                (no ring)
                                (no ring)

@: appendage, very quick
A: unfitting armour, talons 3, see invisible, herbivore 3, speed 3, slow
metabolism 2
a: End Transformation


You were on level 3 of the Dungeon.
You were not hungry.
You had grown temporary talons.
You visited 1 branch of the dungeon, and saw 3 of its levels.

You collected 34 gold pieces.

Inventory:

Hand Weapons
 a - a +0 dagger
 f - a cursed -1 dagger (weapon)
Armour
 b - a +0 robe (worn)
 e - a +0 cloak (worn)
Jewellery
 h - a cursed amulet of inaccuracy (around neck)
Scrolls
 g - 2 scrolls of amnesia
 l - a scroll of teleportation
Potions
 i - 2 potions of curing
 j - a potion of flight
Books
 c - a book of Changes

   Spells                             Type                      Level
   a - Beastly Appendage              Transmutation                1
   b - Sticks to Snakes               Transmutation                2
   c - Spider Form                    Transmutation/Poison         3
   d - Ice Form                       Ice/Transmutation            4
   e - Blade Hands                    Transmutation                5
Comestibles
 d - a bread ration


   Skills:
 - Level 1.0 Fighting
 * Level 1.9 Short Blades
 + Level 4.0 Dodging
 - Level 2.4 Unarmed Combat
 + Level 3.6 Spellcasting
 + Level 3.7 Transmutations


You had 6 spell levels left.
You knew the following spells:

 Your Spells              Type           Power        Failure   Level  Hunger
s - Spider Form           Tmut/Pois      #.........   30%         3    ###....
z - Beastly Appendage     Tmut           ##....       4%          1    None


Dungeon Overview and Level Annotations

Branches:
Dungeon (3/15)

Altars:


Innate Abilities, Weirdness & Mutations

You are very small and have problems with some larger weapons.
You are too small for most types of armour.
You have supernaturally acute eyesight. (SInv)
You are a herbivore.
You cover ground extremely quickly.
You need consume almost no food.
You have claws for feet.


Message History

You barely miss the dart slug.
The dart slug is heavily wounded.
The dart slug launches a dart at you. The slug dart hits you!
The dart slug launches a dart at you. The slug dart hits you!
You hit the dart slug.
You claw the dart slug, but do no damage.
The dart slug is severely wounded.
The dart slug barely misses you.
You hit the dart slug.
The dart slug is almost dead.
The quokka barely misses you.
You barely miss the dart slug.
The dart slug is almost dead.
The quokka bites you.
* * * LOW HITPOINT WARNING * * *
The dart slug launches a dart at you. The slug dart hits you!
You die...

....... #......(#####.
#......##........(..#.
.##......##...........#.
........++.............
#..!...##.............
##......##.......##....
#...........#######....
#....r......# #####
#.....@.....#
#....w......#
#...........#
#......w....#
.............#
.#...........#
+...........#
#...(.......#


You could see 2 dart slugs and a quokka.

Vanquished Creatures
  Terence (D:2)
  2 adders (D:2)
  A leopard gecko (D:3)
  5 giant cockroaches
  3 hobgoblins
  A quokka (D:2)
  6 bats
  3 frilled lizards
  8 goblins
  6 kobolds
  7 rats
43 creatures vanquished.

Notes
Turn   | Place    | Note
-------+----------+-------------------------------------------
     0 | D:1      | Grinner the Spriggan Transmuter began the quest for the Orb.
     0 | D:1      | Reached XP level 1. HP: 9/9 MP: 5/5
    27 | D:1      | Reached skill level 1 in Fighting
   340 | D:1      | Reached XP level 2. HP: 10/14 MP: 4/6
  1166 | D:2      | Reached XP level 3. HP: 10/18 MP: 6/8
  1292 | D:2      | Learned a level 3 spell: Spider Form
  1409 | D:2      | Found a faded altar of an unknown god.
  1459 | D:2      | Noticed Terence
  1487 | D:2      | Killed Terence
  1487 | D:2      | Reached skill level 1 in Short Blades
  1487 | D:2      | Reached skill level 4 in Dodging
  1572 | D:2      | Reached XP level 4. HP: 21/22 MP: 8/10
  1980 | D:3      | Killed from afar by a dart slug

Skill      XL: |  1  2  3 |
---------------+----------+-----
Fighting       | 1 |  1.0
Spellcasting   | 3 |  3.6
Transmutations | 3 |  3.7
Short Blades   | 1 |  1.9
Dodging        | 4 |  4.0
Unarmed Combat | |  2.4

Action                   |  1- 3 |  4- 6 || total
-------------------------+-------+-------++-------
Melee: Unarmed           |    27 |       ||    27
       Dagger            |   151 |    74 ||   225
       Kick              |    17 |     7 ||    24
       Headbutt          |    13 |     1 ||    14
       Punch             |     1 |       ||     1
 Cast: Beastly Appendage |    23 |     9 ||    32
  Use: Scroll            |     1 |     1 ||     2
       Potion            |       |     3 ||     3
 Stab: Sleeping          |     3 |     2 ||     5
Armor: Robe              |    20 |     4 ||    24
Dodge: Dodged            |   154 |    64 ||   218
